Map: 2000 Atmospheres LE

Players

Nice

  • Race: Protoss Protoss

Has - Winner!

  • Race: Protoss Protoss

Event: DreamHack SC2 Masters 2021 Fall

VOD

Have the link to the VOD?

Description

Time

  • Played on: Aug. 1, 2021, 8:18 a.m.
  • Length: 6:26

All games in this series

Show
View Real Time Build Order
Export as new Build Order

Nice Protoss 

Build Orders: 1 Gate Expand, Proxy Void Ray 

Get SALT Encoding   

  12  0:00  Probe  
  13  0:12  Probe  
  14  0:19  Pylon  
  14  0:24  Probe  
  15  0:37  Probe (Chrono Boost)  
  15  0:38  Gateway  
  16  0:47  Assimilator  
  16  0:48  Probe (Chrono Boost)  
  17  0:53  Probe (Chrono Boost)  
  18  1:03  Probe  
  19  1:15  Probe  
  20  1:23  Nexus  
  20  1:32  Cybernetics Core  
  20  1:39  Assimilator  
  20  1:41  Probe  
  21  1:47  Pylon  
  21  1:53  Probe  
  22  2:05  Probe  
  22  2:06  Adept (Chrono Boost)  
  25  2:17  Probe  
  25  2:21  Stargate  
  26  2:26  Stalker (Chrono Boost)  
  28  2:31  Probe  
  29  2:38  Shield Battery  
  29  2:39  Warp Gate  
  29  2:48  Stalker  
  31  2:51  Shield Battery  
  31  3:05  Void Ray (Chrono Boost)  
  29  3:08  Probe  
  29  3:09  Probe  
  29  3:10  Shield Battery  
  35  3:22  Shield Battery  
  35  3:31  Forge  
  35  3:35  Void Ray (Chrono Boost)  
  39  3:50  Shield Battery  
  39  3:51  Shield Battery  
  39  3:54  Stalker  
  41  4:02  Pylon  
  41  4:07  Photon Cannon  
  41  4:12  Void Ray (Chrono Boost)  
  44  4:28  Photon Cannon  
  44  4:34  Stalker  
  46  4:42  Photon Cannon  
  46  4:56  Gateway  
  46  4:58  Sentry  
  50  5:07  Void Ray (Chrono Boost)  
  50  5:08  Shield Battery  
  44  5:19  Photon Cannon  
  46  5:28  Photon Cannon  
  46  5:33  Shield Battery  
  46  5:37  Void Ray (Chrono Boost)  
  29  6:07  Stalker  
Show
View Real Time Build Order
Export as new Build Order

Has Protoss - Winner!

Build Orders: Blink Stalkers 

Get SALT Encoding   

  12  0:00  Probe  
  13  0:12  Probe  
  14  0:17  Pylon  
  14  0:24  Probe (Chrono Boost)  
  16  0:37  Probe (Chrono Boost)  
  16  0:38  Gateway  
  16  0:42  Probe (Chrono Boost)  
  16  0:45  Assimilator  
  17  0:52  Probe (Chrono Boost)  
  17  0:54  Assimilator  
  18  1:05  Probe (Chrono Boost)  
  18  1:07  Gateway  
  19  1:13  Probe (Chrono Boost)  
  20  1:19  Probe  
  20  1:24  Cybernetics Core  
  21  1:30  Pylon  
  21  1:34  Probe  
  22  1:46  Probe  
  23  2:00  Stalker x2  
  23  2:01  Warp Gate  
  27  2:04  Probe  
  28  2:11  Pylon  
  28  2:30  Stalker  
  28  2:31  Twilight Council  
  28  2:35  Stalker  
  32  2:52  Shield Battery  
  32  3:00  Shield Battery  
  32  3:01  Blink (Chrono Boost)  
  32  3:05  Gateway  
  32  3:12  Probe  
  33  3:18  Pylon  
  33  3:33  Probe  
  34  3:43  Gateway  
  34  3:49  Stalker x2  
  38  3:57  Pylon  
  38  4:01  Stalker  
  40  4:07  Pylon  
  40  4:12  Stalker  
  42  4:20  Shield Battery  
  42  4:23  Stalker  
  44  4:27  Sentry  
  46  4:40  Stalker x2  
  50  4:55  Stalker  
  50  4:56  Stalker  
  54  5:14  Stalker x2  
  58  5:24  Stalker x2  
  56  6:03  Stalker x4  

Tags
 
Add a new tag
Caveats
  • Supply blocks, unpowered buildings, or Contaminate may cause inaccurate times.
  • Supply counts are checked every 10 seconds.